 Dungeon Crawl Stone Soup version 0.29.1-1-gd02db6906a (webtiles) character file.

Game seed: 5622998367183486512

104208 MisterFreud the Warrior (level 16, -21/143 HPs)
             Began as a Formicid Gladiator on Oct 13, 2022.
             Was a Priest of Yredelemnul.
             Killed from afar by a guardian serpent (30 damage)
             ... with a bolt of poison
             ... on level 1 of the Snake Pit.
             The game lasted 01:07:10 (34928 turns).

MisterFreud the Warrior (Formicid Gladiator)       Turns: 34928, Time: 01:07:11

Health: -21/143    AC: 20    Str: 22    XL:     16   Next: 91%
Magic:  25/25      EV: 23    Int:  9    God:    Yredelemnul [***...]
Gold:   1623       SH:  9    Dex: 19    Spells: 15/15 levels left

rFire   . . .      SeeInvis +   D - +6 quarterstaff (drain)
rCold   . . .      Faith    .   i - +1 buckler
rNeg    . . .      Spirit   .   z - +0 plate armour
rPois   .          Reflect  .   (helmet unavailable)
rElec   .          Harm     .   E - +2 cloak
rCorr   .          Rampage  .   g - +0 pair of gloves
Will    ++...                   P - +0 pair of boots
Stlth   ..........              s - amulet of the acrobat
HPRegen 0.33/turn               l - ring of willpower
MPRegen 0.19/turn               Z - +4 ring of slaying

@: lethally poisoned (-21 -> -36), acrobatic
A: permanent stasis, dig shafts and tunnels, antennae 3, four strong arms
a: Dig, Shaft Self, Renounce Religion, Recall Undead Harvest, Dark Bargain


You were on level 1 of the Snake Pit.
You worshipped Yredelemnul.
Yredelemnul was pleased with you.
You visited 4 branches of the dungeon, and saw 23 of its levels.

You collected 1920 gold pieces.
You spent 297 gold pieces at shops.

Inventory:

Hand Weapons
 D - a +6 quarterstaff of draining (weapon)
Missiles
 c - 8 throwing nets (quivered)
 d - 7 javelins
 k - 14 boomerangs
 n - 38 poisoned darts
 W - 2 datura-tipped darts
Armour
 g - a +0 pair of gloves (worn)
 i - a +1 buckler (worn)
 z - a +0 plate armour (worn)
 E - a +2 cloak (worn)
 P - a +0 pair of boots (worn)
Jewellery
 a - a ring of poison resistance
 l - a ring of willpower (left hand)
 s - an amulet of the acrobat (around neck)
 G - a ring of protection from cold
 H - an amulet of magic regeneration
 S - an amulet of guardian spirit
 Z - a +4 ring of slaying (right hand)
Wands
 h - a wand of mindburst (4)
 J - a wand of digging (11)
 K - a wand of paralysis (6)
 L - a wand of flame (32)
 Q - a wand of quicksilver (7)
 X - a wand of iceblast (7)
Scrolls
 b - a scroll of identify
 j - 4 scrolls of vulnerability
 q - 2 scrolls of fear
 r - 5 scrolls of amnesia
 M - a scroll of fog
 N - a scroll of brand weapon
 O - 3 scrolls of summoning
 U - a scroll of enchant armour
 V - 2 scrolls of magic mapping
Potions
 e - 6 potions of might
 f - 8 potions of degeneration
 m - 15 potions of curing
 p - 3 potions of heal wounds
 t - a potion of lignification
 u - 3 potions of flight {unknown}
 v - a potion of resistance {unknown}
 w - a potion of berserk rage {unknown}
 x - 4 potions of mutation
 A - 3 potions of brilliance
 B - 3 potions of attraction {unknown}
 F - 2 potions of ambrosia
 I - 2 potions of invisibility {unknown}
 R - 3 potions of cancellation {unknown}
Miscellaneous
 T - a phial of floods


   Skills:
 + Level 18.1 Fighting
 - Level 14.0 Staves
 - Level 2.0 Throwing
 - Level 10.0 Armour
 - Level 2.6 Dodging
 - Level 15.0 Shields
 - Level 12.0 Invocations
 - Level 10.0 Evocations


You had 15 spell levels left.
You didn't know any spells.
Your spell library contained the following spells:

 Spells                   Type           Power      Damage    Failure   Level
 Poisonous Vapours        Pois/Air       0%         N/A       100%        2
 Sublimation of Blood     Necr           0%         N/A       100%        2
 Dazzling Flash           Conj/Hex       0%         N/A       100%        3
 Tukima's Dance           Hex            0%         N/A       100%        3
 Corpse Rot               Necr/Pois/Air  0%         N/A       100%        4
 Passage of Golubria      Tloc           0%         N/A       100%        4
 Petrify                  Tmut/Erth      0%         N/A       100%        4
 Agony                    Necr           0%         N/A       100%        5
 Irradiate                Conj/Tmut      0%         3d11      100%        5
 Silence                  Hex/Air        0%         N/A       100%        5
 Yara's Violent Unravell  Hex/Tmut       0%         3d3       100%        5
 Conjure Ball Lightning   Conj/Air       0%         3x3d6     100%        6
 Discord                  Hex            0%         N/A       100%        8
 Disjunction              Tloc           0%         N/A       100%        8


Dungeon Overview and Level Annotations

Branches:
Dungeon (15/15)            Temple (0/1) D:4            Lair (5/5) D:8
  Swamp (0/4) Lair:3        Snake (1/4) Lair:3        Slime (0/5) Lair:4
    Orc (2/2) D:12            Elf (0/3) Orc:2        Vaults (0/5) D:14
 Depths (0/4) D:15

Altars:
Ashenzari
Cheibriados
Fedhas
Hepliaklqana
Kikubaaqudgha
Nemelex Xobeh
Okawaru
Ru
Trog
Wu Jian
Xom
Yredelemnul
Jiyva

Shops:
D:2 (   D:11 *   Orc:2 (:*[*

Portals:
Abyss: D:4

Annotations:
D:3 1 runed translucent door, Coyote68's ghost, amateur HuFi
D:4 2 transporters, sydd's ghost, amateur DgEE
D:13 1 runed translucent door, Maxmaps's ghost, adept FoSk
Lair:1 1 runed translucent door
Lair:2 1 runed translucent door, dunno567's ghost, journeyman MeEE


Innate Abilities, Weirdness & Mutations

You cannot be hasted, slowed, berserked, paralysed or teleported.
You can dig through walls and to a lower floor.
You have a pair of large antennae on your head. (SInv)
Your four strong arms can wield two-handed weapons with a shield.


Message History

Your bound orc warlord's attack snaps the naga ritualist out of its fear.
The naga ritualist barely misses your bound orc warlord.
The naga ritualist hits you with a +0 war axe.
* * * LOW HITPOINT WARNING * * *
The naga ritualist barely misses your black mamba zombie.
Your black mamba zombie bites the naga ritualist!
Unknown command.
You feel better.
* * * LOW HITPOINT WARNING * * *
You are poisoned.
Your black mamba zombie bites the naga ritualist but does no damage.
Your bound orc warlord hits the naga ritualist with a +0 great sword.
The naga ritualist hits you with a +0 war axe!
* * * LOW HITPOINT WARNING * * *
The naga ritualist closely misses your black mamba zombie.
The naga ritualist hits your bound orc warlord but does no damage.
The naga ritualist grabs you. The naga ritualist constricts you.
Unknown command.
Unknown command.
Unknown command.
Unknown command.
You sock the naga ritualist!
The naga ritualist is severely wounded.
You feel sick.
* * * LOW HITPOINT WARNING * * *
You are more poisoned.
Your black mamba zombie bites the naga ritualist.
Your bound orc warlord hits the naga ritualist with a +0 great sword!
The naga ritualist dies!
The dead are walking!
You feel sick.
The shock serpent seems to regain its courage.
A black mamba comes into view.
The guardian serpent coils itself and waves its upper body at you.
The bolt of poison hits your black mamba zombie.
Your black mamba zombie completely resists.
The bolt of poison hits you!!
You are lethally poisoned!
You die...
Your body rises from the dead as a mindless zombie.

..S......#
## ....S....
#S. .$.....#
#... ....S.
....##....#
..........#
..........#
.......@..##
##.....ZZ..#
.....Z.#..##
S........##
......S..N{
.........#.
##....?....#
##S...... .
#....... ##


You could see a salamander (strong), an anaconda (fleeing, drained, ally
target), a shock serpent (fleeing, drained), a guardian serpent (ally target), 4
black mambas, a friendly bound orc warlord, a friendly black mamba zombie and a
friendly naga ritualist zombie.

Vanquished Creatures
  An emperor scorpion (shapeshifter) (D:13)
  Nessos (D:13)
  A great orb of eyes (D:15)
  2 rakshasas (D:15)
  5 hydras
  Harold (D:11)
  2 boulder beetles (D:12)
  2 centaur warriors
  2 death knights
  9 two-headed ogres
  A tengu warrior (D:15)
  8 death yaks
  An orc high priest (Orc:2)
  Nergalle (Orc:2)
  7 skeletal warriors
  A wizard (D:14)
  5 orc knights
  A deep elf pyromancer (D:14)
  3 spectral wolf spiders (D:13)
  6 ugly things
  3 manticores
  7 cyclopes
  3 orc sorcerers (Orc:2)
  4 black mambas
  A gargoyle (D:13)
  7 cane toads
  2 centaur skeletons (D:13)
  Psyche (D:8)
  6 komodo dragons
  A rime drake (Lair:2)
  A tengu conjurer (D:13)
  4 efreet (D:13)
  10 freezing wraiths
  2 spectral deep trolls (D:13)
  4 trolls
  2 queen bees (shapeshifter)
  A hornet (D:9)
  Grinder (D:6)
  A tyrant leech (Lair:5)
  4 slime creatures (D:12)
  20 blink frogs
  6 dream sheep (Lair:3)
  2 flying skulls (D:13)
  A shadow (D:11)
  5 vampires
  3 wraiths
  31 yaks
  A yak (shapeshifter) (D:15)
  3 wyverns
  15 vampire mosquitoes
  3 basilisks
  A steam dragon (D:8)
  Menkaure (D:7)
  3 wargs
  3 acid dragons
  4 hell hounds
  10 water moccasins
  23 orc warriors
  2 black bears
  10 ogres
  An ice beast (D:8)
  2 sky beasts
  A centaur (D:14)
  10 wolves
  2 kobold brigands (D:8)
  8 bullfrogs
  6 scorpions
  2 gnoll sergeants
  2 necrophages (D:6)
  3 deep troll simulacra (D:13)
  5 wights (D:8)
  26 killer bees (Lair:4)
  An electric eel (D:10)
  7 howler monkeys
  3 hounds
  Crazy Yiuf (D:2)
  22 orc priests
  3 gnoll boudas
  17 orc wizards
  5 iguanas
  An adder (D:6)
  31 gnolls
  2 shadow imps
  A white imp (D:5)
  3 worms
  3 dart slugs
  48 orcs
  7 ball pythons
  5 endoplasms
  8 giant cockroaches
  6 goblins
  4 hobgoblins
  15 jackals
  8 quokkas
  6 bats
  3 frilled lizards
  18 kobolds
  10 rats
578 creatures vanquished.

Vanquished Creatures (collateral kills)
  A boulder beetle (D:13)
  3 hydras
  A centaur warrior (D:13)
  A catoblepas (D:14)
  4 two-headed ogres
  A slime creature (D:15)
  3 death yaks
  A goliath frog (Lair:5)
  A naga ritualist (Snake:1)
  An orc knight (Orc:2)
  2 deep elf pyromancers
  A manticore (D:13)
  A cyclops (D:14)
  4 ugly things (D:15)
  3 black mambas
  8 cane toads (Lair:5)
  2 centaur skeletons (D:13)
  3 efreet
  A freezing wraith (D:13)
  2 tyrant leeches (Lair:5)
  A troll (Orc:2)
  20 blink frogs
  A dream sheep (Lair:3)
  A wraith (D:13)
  A basilisk (shapeshifter) (D:15)
  5 yaks
  4 basilisks
  4 vampire mosquitoes
  3 water moccasins
  3 orc warriors (Orc:2)
  2 hell hounds (D:13)
  3 wolves (Lair:1)
  9 ogres
  5 centaurs
  Blork the orc (Orc:2)
  9 bullfrogs
  A necrophage (D:7)
  A gnoll sergeant (Orc:1)
  A scorpion (D:5)
  6 killer bees (Lair:4)
  An electric eel (Lair:5)
  A howler monkey (D:14)
  5 orc priests
  A gnoll bouda (D:8)
  5 orc wizards
  A boggart skeleton (D:13)
  6 gnolls
  An adder (D:5)
  21 orcs
  An endoplasm (D:4)
  A goblin (D:4)
  A hobgoblin (D:4)
  2 kobolds (D:8)
172 creatures vanquished.

Vanquished Creatures (others)
  A spectral death yak (Lair:5)
  2 spectral hydras
  A slime creature (D:13)
  A spectral cane toad (Lair:5)
  A spectral ogre (D:13)
  A cane toad zombie (Lair:5)
  A spectral efreet (D:15)
  An elf zombie (D:15)
  5 blink frog zombies (Lair:5)
  8 vampire mosquito zombies
  A komodo dragon zombie (Lair:4)
  3 hell hound zombies (D:13)
  2 water moccasin zombies
  A cyclops zombie (D:15)
  A troll zombie (D:13)
  2 yak zombies
  2 wolf zombies (Lair:1)
  4 bullfrog zombies
  2 centaur zombies
  A basilisk zombie (D:13)
  An orc wizard (D:6)
  2 scorpion zombies
  10 killer bee zombies (Lair:4)
  2 ogre zombies
  An acid dragon zombie (D:13)
  2 howler monkey zombies (D:10)
  An orc (D:10)
  5 gnoll zombies
  3 jackal zombies (D:4)
  A kobold zombie (D:8)
  29 orc zombies
  A quokka zombie (D:4)
  68 fungi
  149 plants
316 creatures vanquished.

Grand Total: 1066 creatures vanquished

Notes
Turn   | Place    | Note
-------+----------+-------------------------------------------
     0 | D:1      | MisterFreud the Formicid Gladiator began the quest for the
                  | Orb.
     0 | D:1      | Reached XP level 1. HP: 16/16 MP: 1/1
   174 | D:1      | Reached XP level 2. HP: 20/22 MP: 2/2
   504 | D:1      | Noticed a floating eye
   508 | D:1      | Noticed a great orb of eyes
   510 | D:1      | Found a faded altar of an unknown god.
   511 | D:1      | Noticed a golden eye
   511 | D:1      | Noticed a golden eye
   517 | D:1      | Reached XP level 3. HP: 25/27 MP: 3/3
  1313 | D:2      | Reached skill level 1 in Shields
  1448 | D:2      | Found a runed translucent door.
  1449 | D:2      | Noticed Crazy Yiuf
  1490 | D:3      | Found a basalt altar of Yredelemnul.
  1502 | D:3      | Became a worshipper of Yredelemnul the Dark
  1627 | D:3      | Reached XP level 4. HP: 33/33 MP: 4/4
  1644 | D:3      | You fall into a shaft and drop 3 floors!
  1941 | D:6      | Noticed a black bear
  1955 | D:6      | You fall into a shaft and drop 1 floor!
  2091 | D:7      | Noticed Menkaure
  2098 | D:7      | Killed Menkaure
  2099 | D:7      | Reached skill level 5 in Staves
  2099 | D:7      | Reached XP level 5. HP: 21/38 MP: 5/5
  2108 | D:8      | Noticed an ice beast
  2201 | D:7      | Reached XP level 6. HP: 17/44 MP: 6/6
  2494 | D:7      | Reached * piety under Yredelemnul
  2556 | D:7      | Noticed a sky beast
  2575 | D:7      | Killed a sky beast
  2576 | D:7      | Reached skill level 1 in Armour
  2710 | D:7      | Reached ** piety under Yredelemnul
  2711 | D:7      | Reached skill level 3 in Fighting
  2711 | D:7      | Reached XP level 7. HP: 52/52 MP: 7/7
  2844 | D:7      | Reached skill level 4 in Fighting
  3460 | D:7      | Reached XP level 8. HP: 52/61 MP: 8/8
  3952 | D:6      | Found an ancient bone altar of Kikubaaqudgha.
  3952 | D:6      | Found an ornate altar of the Wu Jian Council.
  3952 | D:6      | Found a snail-covered altar of Cheibriados.
  3952 | D:6      | Found a bloodstained altar of Trog.
  4051 | D:6      | Reached skill level 5 in Fighting
  4175 | D:7      | Reached skill level 5 in Armour
  4649 | D:5      | Entered Level 5 of the Dungeon
  5439 | D:5      | Reached XP level 9. HP: 61/68 MP: 9/9
  5489 | D:5      | Reached *** piety under Yredelemnul
  5515 | D:5      | Found a broken altar of Ashenzari.
  5896 | D:4      | Found a transporter.
  5898 | D:4      | Found a staircase to the Ecumenical Temple.
  5939 | D:4      | Noticed sydd's ghost (amateur DgEE)
  6037 | D:4      | Noticed an ancient zyme
  6068 | D:4      | Identified the +5 hand axe "Ylaol" {protect, rPois rN+ MP-9
                  | Dex+6}
  6584 | D:2      | Found Ciczori's Weapon Boutique.
  6598 | D:2      | Found a blossoming altar of Fedhas.
  6792 | D:2      | Killed Crazy Yiuf
  7120 | D:3      | Found a runed translucent door.
  7121 | D:3      | Noticed Coyote68's ghost (amateur HuFi)
  7763 | D:4      | Found a transporter.
  7915 | D:4      | Found a sparkling altar of Nemelex Xobeh.
  7976 | D:4      | Found a one-way gate to the infinite horrors of the Abyss.
  8182 | D:6      | Reached skill level 1 in Invocations
  8385 | D:6      | Noticed Grinder
  8399 | D:6      | Killed Grinder
  8856 | D:8      | Reached skill level 10 in Staves
  9122 | D:8      | Reached XP level 10. HP: 67/74 MP: 13/13
  9320 | D:8      | Found a hazy altar of Hepliaklqana.
  9355 | D:8      | Noticed Psyche
  9378 | D:8      | Reached skill level 5 in Invocations
  9378 | D:8      | Killed Psyche
  9674 | D:8      | Found a staircase to the Lair.
 10545 | D:9      | Noticed a two-headed ogre
 10555 | D:9      | Killed a two-headed ogre
 10556 | D:9      | Reached skill level 10 in Armour
 10556 | D:9      | Reached skill level 6 in Fighting
 10556 | D:9      | Reached XP level 11. HP: 59/81 MP: 17/17
 10827 | D:10     | Entered Level 10 of the Dungeon
 10849 | D:10     | Found a sacrificial altar of Ru.
 10967 | D:10     | Reached skill level 7 in Fighting
 11167 | D:10     | Noticed a four-headed hydra
 11207 | Lair:1   | Entered Level 1 of the Lair of Beasts
 11223 | Lair:1   | Reached skill level 8 in Fighting
 11962 | Lair:1   | Found a runed translucent door.
 12017 | Lair:1   | Reached skill level 9 in Fighting
 12027 | Lair:1   | Reached **** piety under Yredelemnul
 12617 | Lair:2   | Noticed a death yak
 12618 | Lair:2   | Noticed a death yak
 12833 | Lair:2   | Noticed a six-headed hydra
 12902 | Lair:2   | Noticed a death yak
 13021 | Lair:1   | Reached skill level 10 in Fighting
 13024 | Lair:1   | Reached skill level 10 in Invocations
 13096 | Lair:1   | Reached XP level 12. HP: 61/97 MP: 19/19
 13249 | Lair:2   | Killed a six-headed hydra
 13657 | Lair:2   | Killed a death yak
 13664 | Lair:2   | Killed a death yak
 13668 | Lair:2   | Killed a death yak
 13668 | Lair:2   | Reached ***** piety under Yredelemnul
 14304 | Lair:2   | Found a runed translucent door.
 14305 | Lair:2   | Found a shimmering altar of Xom.
 14305 | Lair:2   | Noticed dunno567's ghost (journeyman MeEE)
 14306 | Lair:2   | Noticed a +2 dire flail of chaos
 14726 | Lair:3   | Noticed an eight-headed hydra
 14732 | Lair:3   | Killed an eight-headed hydra
 14826 | Lair:3   | Found a staircase to the Swamp.
 15007 | Lair:3   | You fall into a shaft and drop 2 floors!
 15007 | Lair:5   | Entered Level 5 of the Lair of Beasts
 15008 | Lair:5   | Noticed a six-headed hydra
 15020 | Lair:5   | Killed a six-headed hydra
 15230 | Lair:5   | Reached XP level 13. HP: 74/103 MP: 22/22
 15326 | Lair:5   | Reached skill level 5 in Shields
 15338 | Lair:5   | Reached ****** piety under Yredelemnul
 15532 | Lair:5   | Noticed a six-headed hydra
 15542 | Lair:5   | Noticed a four-headed hydra
 15788 | Lair:4   | Reached skill level 10 in Shields
 15788 | Lair:4   | Reached skill level 1 in Evocations
 16360 | Lair:4   | Found a viscous altar of Jiyva.
 16361 | Lair:4   | Found a staircase to the Slime Pits.
 16472 | Lair:4   | Reached skill level 5 in Evocations
 16481 | Lair:4   | Reached XP level 14. HP: 67/110 MP: 23/23
 17095 | Lair:3   | Found a staircase to the Snake Pit.
 18124 | Lair:5   | Reached skill level 10 in Evocations
 19120 | D:10     | Reached skill level 11 in Fighting
 19222 | D:10     | Found an iron altar of Okawaru.
 19479 | D:11     | Found Lissosm's General Store.
 19602 | D:11     | Bought a scroll of fear for 48 gold pieces
 19705 | D:11     | Noticed Harold
 19718 | D:11     | Killed Harold
 20231 | D:11     | Identified the +4 flail "Otifeyma" {freeze, Dex+4}
 20316 | D:11     | You fall into a shaft and drop 2 floors!
 20398 | D:13     | Reached skill level 12 in Fighting
 20728 | D:13     | Found a runed translucent door.
 20729 | D:13     | Noticed Maxmaps's ghost (adept FoSk)
 20735 | D:13     | Noticed Nessos
 20745 | D:13     | You fall into a shaft and drop 2 floors!
 20745 | D:15     | Entered Level 15 of the Dungeon
 20831 | D:15     | HP: 5/116 [disintegration (33)]
 20846 | D:15     | Reached skill level 13 in Fighting
 20846 | D:15     | Reached XP level 15. HP: 28/123 MP: 24/24
 21355 | D:15     | Reached skill level 14 in Fighting
 21851 | D:15     | Found a blossoming altar of Fedhas.
 21991 | D:15     | Found a staircase to the Depths.
 23195 | D:14     | Reached skill level 15 in Fighting
 23512 | D:14     | Found a gate to the Vaults.
 24008 | D:12     | Found a staircase to the Orcish Mines.
 24384 | D:12     | You fall into a shaft and drop 1 floor!
 24396 | D:13     | You fall into a shaft and drop 1 floor!
 25102 | D:12     | You fall into a shaft and drop 1 floor!
 25706 | D:13     | You fall into a shaft and drop 2 floors!
 26125 | D:13     | Noticed an emperor scorpion
 26149 | D:13     | Killed an emperor scorpion
 26152 | D:13     | You fall into a shaft and drop 2 floors!
 26362 | D:14     | You fall into a shaft and drop 1 floor!
 26768 | D:13     | Reached XP level 16. HP: 83/136 MP: 25/25
 27604 | D:13     | You fall into a shaft and drop 2 floors!
 28367 | D:12     | Reached skill level 15 in Shields
 28369 | D:12     | You fall into a shaft and drop 1 floor!
 28426 | D:13     | You fall into a shaft and drop 2 floors!
 28790 | D:14     | Noticed Erolcha
 28852 | D:14     | Killed Erolcha
 28852 | D:14     | Enslaved Erolcha
 29341 | D:13     | Reached skill level 16 in Fighting
 29603 | D:13     | Your ally Erolcha died
 29757 | D:13     | Killed Nessos
 30704 | D:13     | Found an ancient bone altar of Kikubaaqudgha.
 31046 | D:12     | You fall into a shaft and drop 2 floors!
 31928 | D:12     | Reached skill level 17 in Fighting
 32365 | Orc:1    | Entered Level 1 of the Orcish Mines
 32399 | Orc:2    | Entered Level 2 of the Orcish Mines
 32440 | Orc:2    | Noticed Nergalle
 32453 | Orc:2    | Noticed Blork the orc
 32484 | Orc:1    | HP: 6/128 [orc knight/+1 great sword of draining (5)]
 32933 | Orc:2    | Found a staircase to the Elven Halls.
 33575 | Orc:2    | Killed Blork the orc
 33578 | Orc:2    | Your ally Blork died
 33592 | Orc:2    | Killed Nergalle
 33613 | Orc:2    | Found Qacoro's Book Emporium.
 33682 | Orc:2    | Found Bikluph's Antique Armour Emporium.
 33939 | Orc:2    | Found Waqasack's Assorted Antiques.
 33947 | Orc:2    | Bought a potion of heal wounds for 160 gold pieces
 34037 | Orc:2    | Found Guymihieff's Antique Weapon Emporium.
 34054 | Orc:2    | Your ally Nergalle died
 34060 | Orc:2    | Found Ynkotiat's General Store.
 34068 | Orc:2    | Bought a wand of mindburst (4) for 89 gold pieces
 34508 | Orc:1    | Reached skill level 18 in Fighting
 34909 | Snake:1  | Entered Level 1 of the Snake Pit
 34928 | Snake:1  | Killed from afar by a guardian serpent

Illustrated notes

Levels and vault maps discovered:
D:1:      lightli_arrival_isolated_outpost, layout_basic,
          hellmonk_ecumenical_altar_watching_god, minivault_24
D:2:      layout_loops_ring, basic_altar, serial_shops,
          nicolae_shop_bloodbath_and_beyond, st_stairs_5,
          grunt_decor_one_mirror, uniq_crazy_yiuf_cottage
D:3:      layout_rooms, overflow_temple_1_default, gammafunk_ghost_grave,
          hangedman_abyss_or_decor_stabs, kennysheep_generic_room_10
D:4:      layout_basic, lemuel_coloured_pillars_altar,
          minmay_temple_entry_trees, gammafunk_ghost_abyssal_escape,
          minmay_bisected
D:5:      nicolae_BIG_FREAKIN_CUBE, layout_basic, mainiacjoe_overflow_boulevard,
          cheibrodos_sewer_entry_drain, minmay_liquid_box, minmay_diced_spiral
D:6:      layout_loops_cross, nicolae_overflow_hidden_temple, uniq_grinder
D:7:      layout_basic, columned_hall_lemuel, uniq_menkaure
D:8:      layout_rooms, mainiacjoe_overflow_alcove_2,
          due_lair_maze_entry_diamond, uniq_psyche
D:9:      layout_basic
D:10:     layout_basic, lemuel_round_altar, lemuel_tele_altar
D:11:     layout_small_grid, serial_shops,
          nicolae_shop_competitors_out_of_business, uniq_harold
D:12:     layout_irregular_city, david_orc_5
D:13:     lemuel_vampire_tower, layout_small_grid,
          ebering_ghost_reflecting_pool, onia_ninara_cookie, uniq_nessos
D:14:     lemuel_ogre_cave, layout_cave_pools, david_vaults_4,
          serial_park_tiny_pond
D:15:     gammafunk_enter_depths_forms, layout_long_grid, fountainhead,
          fedhas_altar_3
Lair:1:   dreamdust_labyrinth, layout_cave_shapes
Lair:2:   layout_misc_corridors, ebering_ghost_xom, serial_rivers,
          chequers_serial_rivers_micro_e, chequers_serial_rivers_room_a,
          chequers_serial_rivers_micro_e, chequers_serial_rivers_marsh,
          chequers_serial_rivers_micro_b
Lair:3:   layout_regular_city, swamp_mist_pool, guppyfry_snake_entry_island
Lair:4:   wad_woods_minihive, layout_gridlike, dpeg_slime_entry_enclosed,
          beast_lair_carwin_2
Lair:5:   minmay_lair_end_frog_pond, layout_small_grid, lemuel_fruit_tree
Snake:1:  layout_cave_shapes, minmay_shoptagon, serial_bayou_shore_a
Orc:1:    layout_diamond_mine, mines1_david
Orc:2:    grunt_orc_cross, layout_diamond_mine, basic_altar, serial_shops,
          shop_fountains

Skill      XL: |  1  2  3  4  5  6  7  8  9 10 11 12 13 14 15 16 |
---------------+-------------------------------------------------+-----
Staves         | 4 5 6 8 10 12 14 | 14.0
Shields        | 1 3 4 10 14 15 | 15.0
Armour         | 1 4 5 6 10 | 10.0
Fighting       | 3 4 5 6 10 13 15 18 | 18.1
Invocations    | 4 8 10 12 | 12.0
Evocations     | 5 10 | 10.0
Throwing       | |  2.0
Dodging        | |  2.6

Action                   |  1- 3 |  4- 6 |  7- 9 | 10-12 | 13-15 | 16-18 || total
-------------------------+-------+-------+-------+-------+-------+-------++-------
Melee: Quarterstaff      |    99 |    52 |   417 |   425 |  1073 |   631 ||  2697
       Punch             |     1 |       |       |       |       |       ||     1
Invok: Recall Undead Har |       |       |       |     2 |     8 |     4 ||    14
       Bind Soul         |       |       |       |     1 |     5 |     2 ||     8
       Drain Life        |       |       |       |       |     3 |     1 ||     4
 Abil: Shaft Self        |       |     2 |       |       |     7 |     4 ||    13
       Dig               |       |       |       |       |     1 |     3 ||     4
Evoke: Wand              |       |       |       |       |     2 |     2 ||     4
       Phial of floods   |       |       |       |       |     1 |     1 ||     2
  Use: Scroll            |     5 |     2 |    11 |     3 |     3 |     2 ||    26
       Potion            |       |     1 |     1 |       |     8 |     1 ||    11
 Stab: Sleeping          |       |       |     3 |       |       |       ||     3
       Distracted        |       |       |     2 |     6 |    15 |     6 ||    29
       Confused          |       |       |     1 |       |       |       ||     1
Armor: Leather armour    |    19 |    12 |    30 |       |       |       ||    61
       Plate armour      |       |       |    23 |   184 |   389 |   183 ||   779
Dodge: Dodged            |    70 |    39 |   206 |   215 |   515 |   241 ||  1286
Block: Buckler           |     9 |    19 |    96 |   129 |   334 |   255 ||   842
